 Dungeon Crawl Stone Soup version 0.27-a0-1154-gfdeffcb720 (webtiles) character file.

Game seed: 1147258841377888949

3 freelancePsychic the Sneak (level 1, -12/14 HPs)
             Began as a Kobold Delver on May 14, 2021.
             Mangled by Edmund
             ... wielding a +3 flail of protection
              (14 damage)
             ... on level 5 of the Dungeon.
             The game lasted 00:01:13 (93 turns).

freelancePsychic the Sneak (Kobold Delver)            Turns: 93, Time: 00:01:13

Health: -12/14     AC:  3    Str:  9    XL:     1   Next: 55%
Magic:  1/1        EV: 14    Int: 11    God:
Gold:   14         SH:  0    Dex: 16    Spells: 0/0 levels left

rFire    . . .     SeeInvis .   a - +0 short sword
rCold    . . .     Faith    .   (shield restricted)
rNeg     . . .     Spirit   .   b - +0 leather armour
rPois    .         Reflect  .   (no helmet)
rElec    .         Harm     .   (no cloak)
rCorr    .         Rampage  .   (no gloves)
Will     .....                  (no boots)
Stlth    ++++......             (no amulet)
HPRegen  0.04/turn              (no ring)
MPRegen  0.07/turn              (no ring)

@: hasted, very quick
A: small, no large weapons, nightstalker 3
a: no special abilities


You were on level 5 of the Dungeon.
You visited 1 branch of the dungeon, and saw 2 of its levels.

You collected 14 gold pieces.

Inventory:

Hand Weapons
 a - a +0 short sword (weapon)
Armour
 b - a +0 leather armour (worn)
Wands
 g - a wand of digging (3)
Scrolls
 c - a scroll of fog
Potions
 h - a potion of brilliance {unknown}


   Skills:
 - Level 3.2 Fighting
 + Level 2.9 Short Blades
 - Level 2.4 Dodging
 + Level 6.7 Stealth


You couldn't memorise any spells.
You didn't know any spells.
Your spell library was empty.

Dungeon Overview and Level Annotations

Branches:
Dungeon (5/15)
 Temple: D:4-7

Altars:

Shops:
D:4 (   D:5 [*

Annotations:
D:5 Edmund


Innate Abilities, Weirdness & Mutations

You are small and have problems with some larger weapons.
You are completely attuned to the shadows.


Message History

A howler monkey zombie comes into view.
The howler monkey zombie hits you.
There is a stone staircase leading up, spattered with blood here.
The howler monkey zombie hits you but does no damage.
You climb upwards.
The orc shouts!
An orc priest comes into view. It is wielding a +0 war axe.
The orc priest shouts!
You hear a shout!
You hear a bark! x3
You hear a shout!
Found Ycvus's Antique Weapon Shop.
There is a stone staircase leading down here. 2 jackals come into view.
The jackal barks!
A jackal comes into view.
A goblin comes into view. It is wielding a +0 club.
Found 17 poisoned darts.
The jackal barely misses you. The jackal misses you.
Found a stone staircase leading down.
The jackal bites you but does no damage.
The jackal barely misses you.
Found a stone staircase leading up.
The jackal bites you.
There is a stone staircase leading down, spattered with blood here.
The jackal barely misses you. The jackal bites you.
You climb downwards.
Found 2 scrolls labelled HEMUGGUTWI.
Found a stone staircase leading up.
There is a stone staircase leading up here.
You feel yourself speed up. The jackal bites you.
* * * LOW HITPOINT WARNING * * *
The jackal bites you.
* * * LOW HITPOINT WARNING * * *
Found a paperback book.
You see here a book of Air.
Edmund the Younger comes into view.
He is wielding a +3 flail of protection and wearing a +1 chain mail of cold resistance.
Edmund shouts!
You barely miss Edmund. Edmund completely misses you.
The jackal bites you but does no damage.
Edmund hits you with a +3 flail of protection!
Ouch! That really hurt!
You die...

#..,* ###....#
*,,,,,,, .#,,*
##..:...# *,,,,,**
.#,,* ##...#####
*,,,,,*, .##**
##..### *,,,,***
..### *#...##
*,,,,,** ....#
*#.....## *,,,,,*,
....# *...#..h######
*,,,,,*,
....#**..###..h.@..##
*,,,,,,, ....#*,.#*
##...@...#* *,,,,,,,
....#*,,*
#...##..!*****,,,,,,,
....#*,,*
#..##**..,,,,,,,,,,,*
..>.#*,,*
#..#***,.,,,,,,,,,,,,
....#*,,*
#.,,**,,,*****,****,,
....#*,,**
**,,,,,,,** *** *,*
....#**,,***,,,,,,,**
*** ....#
*,,,*,,,****** ,,,,*
**,,,,,**


You could see Edmund and 2 jackals.

Vanquished Creatures
  An adder zombie (D:5)
1 creature vanquished.

Notes
Turn   | Place    | Note
-------+----------+-------------------------------------------
     0 | D:5      | freelancePsychic the Kobold Delver began the quest for the
                  | Orb.
     0 | D:5      | Reached XP level 1. HP: 14/14 MP: 1/1
    34 | D:5      | Found Ydedut's General Store.
    35 | D:5      | Noticed a water moccasin zombie
    40 | D:5      | Found Acajiges's Armour Shoppe.
    42 | D:5      | Noticed an ogre
    60 | D:4      | Found Ycvus's Antique Weapon Shop.
    60 | D:4      | Noticed an orc priest
    89 | D:5      | Noticed Edmund
    93 | D:5      | Mangled by Edmund

Illustrated notes

Levels and vault maps discovered:
D:4:      layout_rooms, kennysheep_mini_moat, serial_shops, shop,
          minmay_checkerbox
D:5:      layout_cave_pools, serial_shops, shop, shop, nicolae_shop_statue_plus,
          nicolae_shop_crystal, shop, nicolae_sextant, uniq_edmund

Action                   || total
-------------------------++-------
Melee: Short sword       ||     3
  Use: Scroll            ||     2
       Potion            ||     1
 Stab: Sleeping          ||     1
Armor: Leather armour    ||     3
Dodge: Dodged            ||     5

Table legend: (Time is in decaauts)
 A = Elapsed time spent in this place.
 B = Non-inter-level travel time spent in this place.
 C = Inter-level travel time spent in this place.
 D = Time resting spent in this place.
 E = Time spent auto-exploring this place.
 F = Levels seen in this place.
 G = Mean time per level.
                   A        B        C        D        E       F      G
               +--------+--------+--------+--------+--------+-----+--------+
         Total |     86 |     86 |      0 |      0 |     13 |   2 |   43.0 |
       Dungeon |     86 |     86 |      0 |      0 |     13 |   2 |   43.0 |
               +--------+--------+--------+--------+--------+-----+--------+

Top non-repeatable levels by time:
     D:5: 77 daAuts
     D:4: 8 daAuts
